 Dungeon Crawl Stone Soup version 0.29-a0-721-g7f417c9bbb (webtiles) character file.

Game seed: 1487307974796721386

1786 crusatyr the Ruffian (level 8, 0/80 HPs)
             Began as a Troll Monk on June 28, 2022.
             Was a Priest of Nemelex Xobeh.
             Slain by an orc warrior
             ... wielding a +0 mace
              (13 damage)
             ... on level 7 of the Dungeon.
             The game lasted 00:09:29 (5229 turns).

crusatyr the Ruffian (Troll Monk)                   Turns: 5229, Time: 00:09:30

Health: 0/80       AC:  5    Str: 20    XL:     8   Next: 82%
Magic:  9/9        EV: 12    Int:  6    God:    Nemelex Xobeh [***...]
Gold:   232        SH:  5    Dex: 14    Spells: 7/7 levels left

rFire   . . .      SeeInvis +     - Unarmed
rCold   . . .      Faith    .   (no shield)
rNeg    . . .      Spirit   .   a - +1 robe
rPois   .          Reflect  +   (helmet restricted)
rElec   .          Harm     .   (no cloak)
rCorr   .          Rampage  .   (gloves unavailable)
Will    +....                   (boots unavailable)
Stlth   ++........              v - amulet of reflection
HPRegen 1.03/turn               k - ring of see invisible
MPRegen 0.11/turn               s - ring of willpower

@: no status effects
A: large, unfitting armour, claws 3, regeneration 1, shaggy fur 1, tough skin 1
a: Renounce Religion, Draw Escape, Draw Destruction, Draw Summoning, Triple Draw


You were on level 7 of the Dungeon.
You worshipped Nemelex Xobeh.
Nemelex Xobeh was most pleased with you.
You visited 2 branches of the dungeon, and saw 9 of its levels.
You also visited: Sewer.

You collected 232 gold pieces.

Inventory:

Hand Weapons
 t - a +1 flail of draining
 u - a +1 dagger of venom
Armour
 a - a +1 robe (worn)
Jewellery
 k - a ring of see invisible (left claw)
 s - a ring of willpower (right claw)
 v - an amulet of reflection (around neck)
Scrolls
 c - 4 scrolls of fear
 d - 5 scrolls of identify
 e - 3 scrolls of blinking
 h - a scroll of teleportation
 j - a scroll of amnesia
 r - a scroll of silence {unknown}
Potions
 b - a potion of ambrosia
 f - 2 potions of cancellation
 g - a potion of heal wounds {unknown}
 i - 2 potions of berserk rage {unknown}
 l - a potion of magic {unknown}
 m - a potion of flight {unknown}
 n - 4 potions of brilliance {unknown}
 o - 2 potions of curing {unknown}
 p - a potion of degeneration {unknown}


   Skills:
 + Level 5.2 Fighting
 + Level 5.2 Dodging
 - Level 1.0 Stealth
 + Level 7.7 Unarmed Combat
 * Level 3.5 Invocations


You had 7 spell levels left.
You didn't know any spells.
Your spell library contained the following spells:

 Spells                   Type           Power      Damage    Failure   Level
 Magic Dart               Conj           0%         1d3       45%         1
 Ensorcelled Hibernation  Hex/Ice        0%         N/A       58%         2
 Passwall                 Tmut/Erth      0%         N/A       58%         2
 Searing Ray              Conj           0%         2d4       58%         2
 Static Discharge         Conj/Air       0%         N/A       58%         2
 Swiftness                Air            0%         N/A       83%         3
 Dispel Undead            Necr           0%         3d6       99%         4
 Fulminant Prism          Conj/Hex       0%         3d6       99%         4
 Sticky Flame             Conj/Fire      0%         2d3       99%         4


Dungeon Overview and Level Annotations

Branches:
Dungeon (8/15)             Temple (1/1) D:5           Sewer (visited)
   Lair: D:8-11

Altars:
Ashenzari
Dithmenos
Fedhas
Gozag
Makhleb
Nemelex Xobeh
Sif Muna
Trog
Uskayaw
Wu Jian
Yredelemnul
Zin

Shops:
D:5 :

Annotations:
D:7 Dowan, Duvessa
D:8 Pikel


Innate Abilities, Weirdness & Mutations

You are too large for most types of armour.
You have claws for hands.
Your natural rate of healing is unusually fast.
You are covered in fur. (AC +1)
You have tough skin. (AC +1)


Message History

The bullfrog barely misses you.
You scratch the orc wizard but do no damage.
The orc wizard barely misses you.
The orc warrior hits you with a +0 mace!
The bullfrog swells and bulges.
You block the bullfrog's attack.
You barely miss the orc wizard. The bullfrog barely misses you.
The orc wizard points at you and mumbles some strange words.
You resist with almost no effort.
The orc warrior hits you with a +0 mace!
You barely miss the orc wizard. The bullfrog misses you.
The orc wizard hits you but does no damage.
The orc warrior closely misses you. The bullfrog hits you.
You barely miss the orc wizard. You block the bullfrog's attack.
You block the orc wizard's attack. The orc warrior misses you.
You scratch the orc wizard.
You claw the orc wizard, but do no damage.
The orc wizard is lightly wounded.
You block the bullfrog's attack.
The orc wizard hits you but does no damage.
The orc warrior hits you but does no damage.
You claw the orc wizard!
The orc wizard is severely wounded.
The bullfrog hits you.
You claw the orc wizard!
You kill the orc wizard!
The bullfrog hits you.
The orc warrior hits you with a +0 mace!
* * * LOW HITPOINT WARNING * * *
The orc warrior attacks as you move away!
The orc warrior hits you with a +0 mace!
* * * LOW HITPOINT WARNING * * *
The bullfrog closely misses you.
Okay, then.
You draw a card...
You have drawn the Tomb.
Walls emerge from the floor!
The deck of cards glows with a rainbow of weird colours and disappears.
The bullfrog barely misses you.
The orc warrior hits you with a +0 mace!
You die...
Your body disappears without a glow.

##Yeo####### ##.o# #.Y#
##o# #.#
####.#.################
h......................
####.#..§.o...)Fo#
#.#.≈≈§§≈§≈≈#@#
....≈...§...###
##..≈§≈≈≈.≈.≈.#
######.§.≈...≈.≈.#
....<#.≈.≈._.≈.≈.#
######§≈.≈...≈.≈.#
#§≈.≈≈≈≈≈.≈.#
#§§§......≈.#
######.≈§≈≈≈≈≈≈≈.#


You could see an orc warrior, a bullfrog and an orc (wandering).

Vanquished Creatures
  A steam dragon (D:6)
  Edmund (D:5)
  An orc warrior (D:6)
  2 phantoms
  2 bullfrogs
  2 necrophages
  A scorpion (D:5)
  3 hounds
  4 orc priests
  Jessica (D:2)
  An iguana (D:5)
  11 orc wizards
  A gnoll (D:6)
  10 adders
  A white imp (D:5)
  4 ufetubi
  2 worms
  A dart slug (D:3)
  17 orcs
  2 bats
  9 endoplasms
  15 giant cockroaches
  3 goblins
  9 hobgoblins
  4 jackals (D:4)
  7 kobolds
  8 quokkas
  17 ball pythons
  7 frilled lizards
  6 rats
153 creatures vanquished.

Vanquished Creatures (collateral kills)
  An ogre (D:6)
  An orc priest (D:6)
  An iguana (D:6)
  An orc wizard (D:6)
  2 gnolls (D:6)
  A white imp (D:6)
  3 orcs (D:6)
  2 giant cockroaches (D:6)
  A quokka (D:6)
13 creatures vanquished.

Vanquished Creatures (others)
  An orc wizard (D:6)
1 creature vanquished.

Grand Total: 167 creatures vanquished

Notes
Turn   | Place    | Note
-------+----------+-------------------------------------------
     0 | D:1      | crusatyr the Troll Monk began the quest for the Orb.
     0 | D:1      | Reached XP level 1. HP: 22/22 MP: 0/0
   198 | D:1      | Reached XP level 2. HP: 28/29 MP: 1/1
   475 | D:1      | Reached skill level 4 in Unarmed Combat
   628 | D:2      | Noticed Jessica
   636 | D:2      | Killed Jessica
   637 | D:2      | Reached XP level 3. HP: 36/36 MP: 2/2
   987 | D:2      | Reached skill level 5 in Unarmed Combat
   987 | D:2      | Reached XP level 4. HP: 39/44 MP: 3/3
  1146 | D:2      | You fall into a shaft and drop 1 floor!
  1296 | D:3      | Reached XP level 5. HP: 36/50 MP: 4/4
  1539 | D:3      | Found a glowing silver altar of Zin.
  1539 | D:3      | Found a hide-covered altar of Uskayaw.
  1540 | D:3      | Found a burning altar of Makhleb.
  2031 | D:4      | Noticed a phantom
  2048 | D:4      | Killed a phantom
  2049 | D:4      | Reached XP level 6. HP: 58/61 MP: 5/5
  2694 | D:5      | Entered Level 5 of the Dungeon
  2696 | D:5      | Found a staircase to the Ecumenical Temple.
  2705 | Temple   | Entered the Ecumenical Temple
  2746 | Temple   | Became a worshipper of Nemelex Xobeh the Trickster
  2746 | Temple   | Reached * piety under Nemelex Xobeh
  2746 | Temple   | Received a gift from Nemelex Xobeh
  2746 | Temple   | Reached ** piety under Nemelex Xobeh
  2771 | D:5      | Reached skill level 6 in Unarmed Combat
  2810 | D:5      | Reached XP level 7. HP: 23/68 MP: 6/6
  3320 | D:5      | Found Fodweh's Book Shop.
  3514 | D:5      | Noticed Edmund
  3529 | D:5      | Killed Edmund
  3667 | D:6      | Found a glowing drain.
  3677 | Sewer    | Entered a sewer
  3913 | Sewer    | Reached skill level 7 in Unarmed Combat
  4171 | D:6      | Reached XP level 8. HP: 72/79 MP: 7/7
  4266 | D:6      | Reached skill level 1 in Invocations
  4645 | D:6      | Reached skill level 5 in Dodging
  4706 | D:6      | Reached skill level 5 in Fighting
  5049 | D:7      | Noticed Duvessa
  5049 | D:7      | Noticed Dowan
  5070 | D:8      | Noticed Pikel
  5078 | D:7      | Found a blossoming altar of Fedhas.
  5094 | D:7      | Reached *** piety under Nemelex Xobeh
  5229 | D:7      | Slain by an orc warrior

Illustrated notes

Levels and vault maps discovered:
D:1:      giann_bridges, layout_loops_ring
D:2:      layout_loops_ring, uniq_jessica
D:3:      layout_loops_cross, gammafunk_temple_overflow_claw
D:4:      layout_cave_pods
D:5:      layout_loops_ring, minmay_temple_entry_arrows, serial_shops, shop,
          minmay_misc_feat_iff, kennysheep_potato, uniq_edmund
D:6:      minmay_flawed_box, layout_basic, portal_sewer_entry_f
D:7:      layout_basic, mainiacjoe_overflow_concentric_impassable,
          nicolae_ossuary_entry_monument, uniq_duvessa
D:8:      layout_loops_ring, lightli_corner_chamber, uniq_erica,
          uniq_prince_ribbit1, uniq_pikel
Temple:   regret_index_temple_chain_breaker

Skill      XL: |  1  2  3  4  5  6  7  8 |
---------------+-------------------------+-----
Unarmed Combat | 4 5 6 7 |  7.7
Fighting       | 3 4 5 |  5.2
Dodging        | 3 4 5 |  5.2
Invocations    | 3 |  3.5
Stealth        | |  1.0

Action                   |  1- 3 |  4- 6 |  7- 9 || total
-------------------------+-------+-------+-------++-------
Melee: Unarmed           |    86 |   147 |   185 ||   418
       Punch             |       |     9 |     8 ||    17
Invok: Draw Destruction  |       |     1 |     5 ||     6
       Draw Summoning    |       |       |     3 ||     3
       Draw Escape       |       |       |     3 ||     3
  Use: Scroll            |       |       |     6 ||     6
 Stab: Sleeping          |     2 |     2 |       ||     4
Armor: Robe              |    22 |    37 |    46 ||   105
Dodge: Dodged            |    36 |    50 |    98 ||   184
Block: Other             |       |       |    17 ||    17

Table legend: (Time is in decaauts)
 A = Elapsed time spent in this place.
 B = Non-inter-level travel time spent in this place.
 C = Inter-level travel time spent in this place.
 D = Time resting spent in this place.
 E = Time spent auto-exploring this place.
 F = Levels seen in this place.
 G = Mean time per level.
                   A        B        C        D        E       F      G
               +--------+--------+--------+--------+--------+-----+--------+
         Total |   5277 |   5055 |    222 |    241 |   3599 |  10 |  527.7 |
       Dungeon |   4672 |   4469 |    203 |    241 |   3232 |   8 |  584.0 |
        Temple |     61 |     42 |     19 |      0 |     30 |   1 |   61.0 |
         Sewer |    543 |    543 |      0 |      0 |    337 |   1 |  543.0 |
               +--------+--------+--------+--------+--------+-----+--------+

Top non-repeatable levels by time:
     D:6: 1002 daAuts
     D:5: 844 daAuts
     D:4: 827 daAuts
     D:3: 669 daAuts
     D:1: 622 daAuts
     D:2: 588 daAuts
   Sewer: 543 daAuts
     D:7: 116 daAuts
  Temple: 61 daAuts
     D:8: 1 daAuts
